 Dungeon Crawl Stone Soup version 0.20-a0-738-gb057e68 (webtiles) character file.

1047 Misplayer the Grappler (level 8, 0/57 HPs)
             Began as a Demonspawn Wanderer on Feb 24, 2017.
             Was an Initiate of Wu Jian.
             Succumbed to an orc wizard's poison
             ... on level 5 of the Dungeon.
             The game lasted 00:13:33 (4594 turns).

Misplayer the Grappler (Demonspawn Wanderer)        Turns: 4594, Time: 00:13:33

Health: 0/57       AC: 10    Str: 16    XL:     8   Next: 5%
Magic:  12/12      EV:  4    Int: 14    God:    Wu Jian [......]
Gold:   240        SH:  0    Dex: 12    Spells: 13/13 levels left

rFire    + . .     SeeInvis .     - Unarmed
rCold    . . .     Gourm    .   h - +0 plate armour
rNeg     . . .     Faith    .   (no shield)
rPois    .         Spirit   +   (helmet restricted)
rElec    +         Reflect  .   e - scarf {Spirit}
rCorr    .         Harm     .   (no gloves)
MR       .....                  (no boots)
Stlth    ..........             (no amulet)
Regen    0.2/turn               (no ring)
MPRegen  0.2/turn               m - +3 ring of intelligence

@: lethally poisoned (0 -> -12)
A: claws 2, hooves 1, horns 2, fire resistance 1, electricity resistance, weak
1, wild magic 1
a: Renounce Religion


You were on level 5 of the Dungeon.
You worshipped Wu Jian.
Wu Jian was noncommittal.
You were hungry.

You visited 2 branches of the dungeon, and saw 6 of its levels.
You also visited: Ossuary.

You collected 240 gold pieces.

Inventory:

Hand Weapons
 c - a +0 hand axe
 n - a +0 whip of electrocution
Missiles
 j - 5 tomahawks (quivered)
Armour
 b - a +0 ring mail
 e - a scarf of spirit shield (worn)
 h - a +0 plate armour (worn)
Jewellery
 m - a +3 ring of intelligence (left claw)
 u - an uncursed ring of wizardry
 w - an uncursed ring of fire
Scrolls
 g - 4 scrolls of identify
 k - a scroll of amnesia
 p - a scroll of enchant weapon
 r - 3 scrolls of fog
Potions
 o - a potion of might
 q - 2 potions of magic
 A - a potion of degeneration
 B - a potion of agility
Books
 a - a book of Minor Magic

   Spells                             Type                      Level
   a - Magic Dart                     Conjuration                  1
   b - Blink                          Translocation                2
   c - Call Imp                       Summoning                    2
   d - Slow                           Hexes                        2
   e - Conjure Flame                  Conjuration/Fire             3
   f - Mephitic Cloud                 Conjuration/Poison/Air       3
 x - a book of Misfortune

   Spells                             Type                      Level
   a - Confusing Touch                Hexes                        1
   b - Confuse                        Hexes                        3
   c - Gell's Gravitas                Translocation                3
   d - Petrify                        Transmutation/Earth          4
   e - Metabolic Englaciation         Hexes/Ice                    5
   f - Yara's Violent Unravelling     Hexes/Transmutation          5
Comestibles
 d - 3 bread rations
 f - 2 royal jellies
 s - 3 fruits


   Skills:
 + Level 2.3 Fighting
 - Level 1.0 Axes
 - Level 1.0 Armour
 * Level 8.2 Unarmed Combat
 - Level 3.0 Spellcasting
   Level 1.7 Ice Magic
   Level 2.0 Evocations


You had 13 spell levels left.
You didn't know any spells.

Dungeon Overview and Level Annotations

Branches:
Dungeon (5/15)             Temple (1/1) D:4

Altars:
Dithmenos
Elyvilon
Gozag
Hepliaklqana
Kikubaaqudgha
Makhleb
Nemelex Xobeh
Qazlal
Ru
Sif Muna
Trog
Uskayaw
Vehumet
Wu Jian
Xom
Yredelemnul
Zin
The Shining One

Shops:
D:4 *


Innate Abilities, Weirdness & Mutations

You have very sharp fingernails.
You have large cloven feet.
You have a pair of horns on your head.
Your flesh is heat resistant. (rF+)
You are resistant to electric shocks. (rElec)
You are weak. (Str -2)
Your spells are a little harder to cast, but a little more powerful.


Message History

You feel very sick.
Unknown command.
You feel extremely strange.
You feel agile.
You feel weaker.
You feel insulated.
* * * LOW HITPOINT WARNING * * *
You feel sick.
Okay, then.
Unknown command.
There is a lethal amount of poison in your body!
* * * LOW HITPOINT WARNING * * *
You feel sick.
* * * LOW HITPOINT WARNING * * *
You feel sick.
* * * LOW HITPOINT WARNING * * *
You feel sick.
* * * LOW HITPOINT WARNING * * *
You feel sick.
* * * LOW HITPOINT WARNING * * *
You feel sick.
You die...

##... ##.... .
.#########..#.# ##.#
..#.....#.##.########....
............).)..........
#.......##.##†........#
#.....####.#..........#
#.....# #.#.)........#
#.....####.#@.........#
#..................>..#
#.....####.#........!o#
#.....# #.##..........
#<....# #.#..........#
####### #..........[.#
.....<......# .......


There were no monsters in sight!

Vanquished Creatures
  Eustachio (D:4)
  2 phantoms
  An elf zombie (Ossuary)
  A howler monkey (D:4)
  A human zombie (Ossuary)
  3 centaur zombies (Ossuary)
  2 orc priests
  4 orc wizards
  2 worker ants (D:4)
  A killer bee zombie (D:3)
  2 mummies (Ossuary)
  10 adders
  2 oozes
  2 adder zombies (Ossuary)
  An adder skeleton (D:4)
  5 worms
  3 dart slugs
  A leopard gecko (D:1)
  9 orcs
  2 ball pythons
  5 giant cockroaches
  2 gnoll zombies (D:2)
  4 goblins
  6 hobgoblins
  14 jackals
  5 kobolds
  2 quokkas
  8 bats
  7 frilled lizards
  2 goblin zombies (Ossuary)
  13 hobgoblin zombies (Ossuary)
  A jackal skeleton (D:4)
  A jackal zombie (Ossuary)
  4 kobold zombies (Ossuary)
  10 orc zombies (Ossuary)
  A quokka skeleton (D:4)
  8 rats
148 creatures vanquished.

Notes
Turn   | Place    | Note
-------+----------+-------------------------------------------
     0 | D:1      | Misplayer the Demonspawn Wanderer began the quest for the Orb.
     0 | D:1      | Misplayer set off with: a book of Minor Magic, a +0 ring mail, a +0 hand axe, a bread ration
     0 | D:1      | Reached XP level 1. HP: 15/15 MP: 4/4
   351 | D:1      | Gained mutation: You have a pair of small horns on your head. [demonic ancestry]
   351 | D:1      | Reached XP level 2. HP: 22/22 MP: 4/6
   426 | D:1      | Reached skill level 1 in Unarmed Combat
   556 | D:1      | Gained mutation: You have sharp fingernails. [demonic ancestry]
   556 | D:1      | Reached XP level 3. HP: 24/27 MP: 5/7
  1016 | D:2      | Reached skill level 2 in Unarmed Combat
  1037 | D:2      | Found a white marble altar of Elyvilon.
  1074 | D:2      | Found a basalt altar of Yredelemnul.
  1761 | D:2      | Gained mutation: You have a pair of horns on your head. [demonic ancestry]
  1761 | D:2      | Reached XP level 4. HP: 33/33 MP: 8/8
  1794 | D:2      | Reached skill level 3 in Unarmed Combat
  1978 | D:3      | Noticed a phantom
  2317 | D:3      | Found a stormy altar of Qazlal.
  2674 | D:3      | Gained mutation: You have very sharp fingernails. [demonic ancestry]
  2674 | D:3      | Reached XP level 5. HP: 32/38 MP: 6/9
  2821 | D:3      | Reached skill level 4 in Unarmed Combat
  3228 | D:3      | Killed a phantom
  3236 | D:4      | Found a sparkling altar of Nemelex Xobeh.
  3236 | D:4      | Noticed Eustachio
  3260 | D:4      | Found a sand-covered staircase.
  3264 | Ossuary  | Entered an ossuary
  3380 | Ossuary  | Reached skill level 5 in Unarmed Combat
  3407 | Ossuary  | Gained mutation: You have large cloven feet. [demonic ancestry]
  3407 | Ossuary  | Reached XP level 6. HP: 35/44 MP: 8/10
  3640 | Ossuary  | Reached skill level 6 in Unarmed Combat
  3704 | Ossuary  | Gained mutation: You are clumsy. (Dex -2) [potion of mutation]
  3704 | Ossuary  | Gained mutation: Your spells are a little harder to cast, but a little more powerful. [potion of mutation]
  3783 | D:4      | Reached XP level 7. HP: 44/50 MP: 9/11
  3798 | D:4      | Killed Eustachio
  3798 | D:4      | Reached skill level 7 in Unarmed Combat
  3973 | D:4      | Found Azaon's General Store.
  4276 | D:4      | Found a shimmering altar of Xom.
  4279 | D:4      | Found a deep blue altar of Sif Muna.
  4295 | D:4      | Found a staircase to the Ecumenical Temple.
  4301 | Temple   | Entered the Ecumenical Temple
  4310 | Temple   | Became a worshipper of the Wu Jian Council
  4435 | D:4      | Reached skill level 8 in Unarmed Combat
  4517 | D:5      | Entered Level 5 of the Dungeon
  4563 | D:5      | Gained mutation: Your flesh is heat resistant. (rF+) [demonic ancestry]
  4563 | D:5      | Reached XP level 8. HP: 56/56 MP: 12/12
  4588 | D:5      | Lost mutation: You are clumsy. (Dex -2) [potion of mutation]
  4588 | D:5      | Gained mutation: You are weak. (Str -2) [potion of mutation]
  4588 | D:5      | Gained mutation: You are resistant to electric shocks. (rElec) [potion of mutation]
  4593 | D:5      | HP: 2/57 [poisoned by an orc wizard]
  4594 | D:5      | Succumbed to an orc wizard's poison

Vault maps used:
D:1:      minmay_arrival_four_loops, serial_curves, eino_curves_01,
          eino_curves_04, minmay_misc_feat_hallway
D:2:      lemuel_zombie_altar_yredelemnul, lemuel_crystal_altar
D:3:      grunt_qazlal_clouds, first_bread
D:4:      grunt_temple_overflow_open, nemelex_xobeh_ov_fountains_minmay,
          temple_doors_ab, serial_shops, nicolae_shop_window_shopping,
          lightli_ossuary_entry_decrepit_ruins, minmay_cupped, uniq_eustachio
D:5:      lemuel_castle_with_subvaults, lemuel_crystal_altar,
          nicolae_ru_awakened_eye
Temple:   nicolae_temple_no_exploring_needed
Ossuary:  ossuary_tomb_1

Skill      XL: |  1  2  3  4  5  6  7 |
---------------+----------------------+-----
Fighting       | 2 |  2.3
Unarmed Combat | 1 2 3 5 6 8 |  8.2
Axes           | |  1.0
Armour         | |  1.0
Spellcasting   | |  3.0
Ice Magic      | |  1.7
Evocations     | |  2.0

Action                   |  1- 3 |  4- 6 |  7- 9 || total
-------------------------+-------+-------+-------++-------
Melee: Hand axe          |   137 |    47 |       ||   184
       Headbutt          |    19 |    37 |    18 ||    74
       Whip              |       |   196 |    90 ||   286
       Punch             |       |     1 |     3 ||     4
       Kick              |       |    33 |    31 ||    64
       Unarmed           |       |       |    32 ||    32
  Use: Potion            |       |    11 |     3 ||    14
       Scroll            |       |     3 |     1 ||     4
  Eat: Chunk             |     3 |     5 |     4 ||    12
Armor: Ring mail         |    65 |    85 |    15 ||   165
       Plate armour      |       |       |    62 ||    62
Dodge: Dodged            |    75 |   106 |    35 ||   216
